 Dungeon Crawl Stone Soup version 0.31-a0-1059-g83d41fd8b6 (webtiles) character file.

Game seed: 18287012791393468783

9 Azuregosa the Sneak (level 2, -1/21 HPs)
             Began as an Octopode Delver on Nov 21, 2023.
             Was an Initiate of Gozag.
             Slain by a jelly (3 damage)
             ... on level 3 of the Dungeon.
             The game lasted 00:02:16 (279 turns).

Azuregosa the Sneak (Octopode Delver)                Turns: 279, Time: 00:02:16

Health: -1/21      AC:  1    Str: 11    XL:     2   Next: 12%
Magic:  2/2        EV: 13    Int: 12    God:    Gozag
Gold:   16         SH:  0    Dex: 13    Spells: 1/1 levels left

rFire   . . .        g - +2 hand axe (heavy)
rCold   . . .        (no shield)
rNeg    . . .        (helmet restricted)
rPois   .            (no amulet)
rElec   .            (no ring)
rCorr   .            (no ring)
SInv    .            (no ring)
Will    .....        (no ring)
Stlth   ++++         (no ring)
HPRegen 0.23/turn    (no ring)
MPRegen 0.08/turn    (no ring)
                     (no ring)

%: no passive effects
@: gold aura
A: almost no armour, amphibious, 8 rings, camouflage 1, gelatinous body 1,
(nimble swimmer 1), tentacles
a: Renounce Religion, Potion Petition, Call Merchant, Bribe Branch


You were on level 3 of the Dungeon.
You worshipped Gozag.
Gozag was noncommittal.
You visited 2 branches of the dungeon, and saw 4 of its levels.

You collected 19 gold pieces.
You paid 3 gold pieces to Gozag.

Inventory:

Hand Weapons
 g - a +2 heavy hand axe (weapon)
 h - a +0 whip
Missiles
 b - 12 stones
Wands
 e - a wand of digging (2)
Scrolls
 a - a scroll of fog
 c - a scroll of fear
 f - 2 scrolls of identify {unknown}
Potions
 d - a potion of haste


   Skills:
 - Level 3.0 Fighting
 - Level 2.0 Dodging
 + Level 7.2 Stealth
 - Level 2.0 Unarmed Combat


You had one spell level left.
You didn't know any spells.
Your spell library was empty.

Dungeon Overview and Level Annotations

Branches:
Dungeon (5/15)             Temple (1/1) D:5

Altars:
Ashenzari
Cheibriados
Dithmenos
Elyvilon
Gozag
Hepliaklqana
Kikubaaqudgha
Makhleb
Okawaru
Qazlal
Sif Muna
Trog
Uskayaw
Vehumet
Zin


Innate Abilities, Weirdness & Mutations

You cannot wear most types of armour.
You are amphibious.
You can wear up to eight rings at the same time.
Your skin changes colour to match your surroundings (Stealth+).
Your rubbery body absorbs attacks. (AC +1, EV +1)
((You are camouflaged when in or above water. (Stealth+)))
You have tentacles for arms and can constrict up to eight enemies at once.


Message History

The ball python bites you. The ball python closely misses you.
The hound barks!
You slash the ball python!
You kill the ball python!
The hobgoblin hits you but does no damage.
You have reached level 2!
The hobgoblin attacks as it pursues you!
The hobgoblin closely misses you.
The endoplasm is distracted by your dazzling golden aura.
The endoplasm is no longer distracted by gold.
There is an escape hatch in the ceiling here.
A jelly comes into view.
A worm comes into view.
Found a viscous cyan potion.
Found a stone staircase leading down.
The hound is distracted by your dazzling golden aura.
The hobgoblin attacks as it pursues you!
The hobgoblin hits you.
The hobgoblin attacks as it pursues you!
The hobgoblin hits you but does no damage.
The hobgoblin attacks as it pursues you!
The hobgoblin closely misses you.
There is a stone staircase leading up here.
The hobgoblin closely misses you. The jelly hits you.
You are splashed with acid.
* * * LOW HITPOINT WARNING * * *
You climb upwards.
Found a ring mail and a leather armour.
There is a stone staircase leading down here.
You slash the hobgoblin!
You kill the hobgoblin!
You slash the jelly!
Your tentacles burn!
* * * LOW HITPOINT WARNING * * *
The jelly hits you but does no damage.
You hit the jelly.
Your tentacles burn!
* * * LOW HITPOINT WARNING * * *
The jelly is almost dead.
The jelly hits you.
You die...
Your body crumbles into a pile of gold.

#####
#J..#
+@..#
#$..#
#...#
#.###
..#
..#
...
[..[


You could see a jelly.

Vanquished Creatures
  2 orcs (D:5)
  A ball python (D:4)
  2 hobgoblins
  A kobold (D:4)
6 creatures vanquished.

Notes
Turn   | Place    | Note
-------+----------+-------------------------------------------
     0 | D:5      | Azuregosa the Octopode Delver began the quest for the Orb.
     0 | D:5      | Reached XP level 1. HP: 16/16 MP: 1/1
    13 | D:5      | Found a staircase to the Ecumenical Temple.
    27 | Temple   | Entered the Ecumenical Temple
   121 | Temple   | Became a worshipper of Gozag Ym Sagoz the Greedy
   157 | D:5      | Noticed an orc priest
   236 | D:4      | Reached skill level 7 in Stealth
   258 | D:4      | Noticed a hound
   266 | D:4      | Reached XP level 2. HP: 16/21 MP: 2/2
   279 | D:3      | Slain by a jelly

Illustrated notes

Levels and vault maps discovered:
D:3:      cheibrodos_fertilizer, layout_basic, lemuel_zombie_altar_yredelemnul,
          nicolae_ru_path_of_blood, xom_teletrap_fun
D:4:      layout_cave_pools, kennysheep_little_box
D:5:      layout_rooms, nemelex_diamond_rough_becter,
          minmay_temple_entry_mini_moons, bh_walls_and_bars
Temple:   regret_index_temple_generic_petals

Skill      XL: |  1 |
---------------+----+-----
Stealth        | 7 |  7.2
Fighting       | |  3.0
Dodging        | |  2.0
Unarmed Combat | |  2.0

Action                     || total
---------------------------++-------
  Melee: Unarmed           ||     5
         Hand axe          ||     6
         Constrict         ||     4
         Tentacles         ||     3
  Evoke: Wand              ||     1
    Use: Scroll            ||     1
   Stab: Sleeping          ||     3
 Armour: Skin              ||    12
  Dodge: Dodged            ||     9

Table legend: (Time is in decaauts)
 A = Elapsed time spent in this place.
 B = Non-inter-level travel time spent in this place.
 C = Inter-level travel time spent in this place.
 D = Time resting spent in this place.
 E = Time spent auto-exploring this place.
 F = Levels seen in this place.
 G = Mean time per level.
                   A        B        C        D        E       F      G
               +--------+--------+--------+--------+--------+-----+--------+
         Total |    284 |    252 |     32 |     35 |     33 |   4 |   71.0 |
       Dungeon |    183 |    183 |      0 |     35 |      1 |   3 |   61.0 |
        Temple |    100 |     68 |     32 |      0 |     32 |   1 |  100.0 |
               +--------+--------+--------+--------+--------+-----+--------+

Top non-repeatable levels by time:
     D:5: 129 daAuts
  Temple: 100 daAuts
     D:4: 51 daAuts
     D:3: 2 daAuts
